AoeStats
← Juyhou

Nomad

509895150Analyzed
4v4 RM · 4d ago on Sep 28, 2026· 21m 56s· 8 players
Game mode
Random Map
Map size
231×231
Population
200
Speed
Normal
Resources
Standard
Victory
Conquest
Starting age
Dark Age
Ending age
Imperial Age
RankedLock teamsTeams togetherTeam positionsShared explorationLock speedFull tech treeHidden civsTurbo modeCheats
Victory
Defeat
🇫🇮 Varangians · Finland
2112
+6
🇫🇮 Danes · Finland
1953
+11
🇫🇮 Varangians · Finland
1909
+13
🇫🇮 Tupi · Finland
1656
+24
🇹🇼 Varangians · Taiwan
1885
-15
🇹🇼 Saxons · Taiwan
1882
-15
🇹🇼 Varangians · Taiwan
1880
-15
🇹🇼 Berbers · Taiwan
1724
-9
Juyhou
5:06 Loom
21:58 Feudal Age
Villese
4:34 Loom
12:20 Feudal Age
12:51 Double-Bit Axe
18:11 Fletching
Shyles
13:31 Feudal Age
14:23 Loom
14:24 Town Watch
17:14 Castle Age
15:49 Double-Bit Axe
15:48 Fishing Lines
18:24 Fletching
Tomppa
10:37 Loom
12:56 Feudal Age
16:34 Castle Age
14:33 Fishing Lines
15:19 Double-Bit Axe
17:27 Bow Saw
GKT_Cloud
11:45 Feudal Age
12:34 Double-Bit Axe
14:13 Loom
16:47 Fletching
DYS.K
13:59 Feudal Age
14:46 Fishing Lines
17:39 Castle Age
15:25 Loom
16:49 Fletching
16:41 Horse Collar
18:38 Bodkin Arrow
18:48 Double-Bit Axe
19:48 Padded Archer Armor
20:07 Gold Mining
20:32 Bow Saw
[LuB]a61
10:14 Loom
13:40 Feudal Age
14:33 Fishing Lines
17:21 Castle Age
15:32 Double-Bit Axe
17:16 Bloodlines
19:09 Scale Barding Armor
21:00 Bow Saw
DemonSheep
11:42 Loom
Connection lost

Rejoining the realm…

Still unreachable

The connection could not be restored.

Session expired

The server has moved on; the page needs a fresh start.